 Dungeon Crawl Stone Soup version 0.26-a0-812-g31a745ddcd (webtiles) character file.

Game seed: 6359588082251987429

5321 raph the Geomancer (level 10, -4/60 HPs)
             Began as a Gargoyle Earth Elementalist on Dec 4, 2020.
             Was an Initiate of Ashenzari.
             Slain by a wyvern (14 damage)
             ... on level 8 of the Dungeon.
             The game lasted 00:28:42 (11696 turns).

raph the Geomancer (Gargoyle Earth Elementalist)   Turns: 11696, Time: 00:28:44

Health: -4/60      AC: 18    Str: 19    XL:     10   Next: 64%
Magic:  24/25      EV: 13    Int: 18    God:    Ashenzari [......]
Gold:   378        SH:  0    Dex: 14    Spells: 3/17 levels left

rFire    + . .     SeeInvis .   K - +3 morningstar
rCold    . . .     Faith    .   (no shield)
rNeg     + + .     Spirit   .   p - +1 leather armour "Cauth" {MP+9 Dex+3}
rPois    ∞         Reflect  .   H - +0 helmet
rElec    +         Harm     .   P - +2 ratskin cloak {*Rats rPois rN+ Str-1 Int-1 Dex+1}
rCorr    .         Rampage  .   Q - +0 pair of gloves
MR       .....                  x - +0 pair of boots
Stlth    +.........             (no amulet)
HPRegen  0.20/turn              o - ring of flight
MPRegen  0.19/turn              r - ring of Spite {rPois rF+ Str+8 Stlth-} (curse)

@: no status effects
A: negative energy resistance 1, electricity resistance, unbreathing,
petrification resistance, rot immunity, AC +7
a: Curse Item, Renounce Religion, Evoke Flight


You were on level 8 of the Dungeon.
You worshipped Ashenzari.
Ashenzari was noncommittal.
You visited 1 branch of the dungeon, and saw 8 of its levels.
You also visited: Ossuary.

You collected 378 gold pieces.

Inventory:

Hand Weapons
 a - a +1 mace
 e - a +0 hand axe
 s - a +5 dagger
 F - a +2 dagger of speed
 G - a +4 scimitar of freezing
 K - a +3 morningstar (weapon)
Missiles
 b - 143 stones (quivered)
Armour
 c - a +1 robe
 p - the +1 leather armour "Cauth" (worn) {MP+9 Dex+3}
   (You found it on level 4 of the Dungeon)

   It affects your dexterity (+3).
   It affects your magic capacity (+9).
 x - a +0 pair of boots (worn)
 H - a +0 helmet (worn)
 I - a +2 hat
 L - +0 steam dragon scales
 P - the +2 ratskin cloak (worn) {*Rats rPois rN+ Str-1 Int-1 Dex+1}
   (You found it on level 7 of the Dungeon)

   It affects your strength (-1).
   It affects your intelligence (-1).
   It affects your dexterity (+1).
   It protects you from poison.
   It protects you from negative energy.
 Q - a +0 pair of gloves (worn)
Jewellery
 o - a ring of flight (left hand)
 r - the cursed ring of Spite (right hand) {rPois rF+ Str+8 Stlth-}
   (You found it in an ossuary)

   [ring of protection from fire]

   It affects your strength (+8).
   It protects you from fire.
   It protects you from poison.
   It makes you less stealthy.
   It has a curse placed upon it.
 w - the amulet of Visch {Acrobat rPois rN+ MR+ Str+2}
   (You found it on level 8 of the Dungeon)

   [amulet of the acrobat]

   It helps you evade while moving and waiting.
   It affects your strength (+2).
   It protects you from poison.
   It protects you from negative energy.
   It affects your resistance to hostile enchantments.
 B - an uncursed amulet of magic regeneration
Wands
 j - a wand of polymorph (11)
 y - a wand of disintegration (12)
 M - a wand of digging (7)
 N - a wand of flame (45)
Scrolls
 d - 2 scrolls of amnesia
 f - 6 scrolls of teleportation
 m - a scroll of blinking
 q - 2 scrolls of immolation
 v - 3 scrolls of enchant weapon
 D - 3 scrolls of identify
 J - a scroll of magic mapping
 O - a scroll of summoning
Potions
 g - 2 potions of attraction
 h - a potion of haste
 i - 4 potions of magic
 k - a potion of resistance
 l - 2 potions of brilliance
 n - 5 potions of curing
 t - a potion of lignification
 u - 5 potions of heal wounds
 z - a potion of might
 A - 2 potions of flight
 C - 2 potions of berserk rage


   Skills:
 + Level 5.8 Fighting
 + Level 1.3 Maces & Flails
 - Level 4.3 Armour
 + Level 3.4 Dodging
 - Level 2.1 Stealth
 + Level 4.0 Spellcasting
 + Level 8.3 Conjurations
 - Level 0.7 Transmutations
 * Level 3.6 Fire Magic
 + Level 11.5 Earth Magic


You had 3 spell levels left.
You knew the following spells:

 Your Spells              Type           Power        Failure   Level
a - Sandblast             Erth           #####.       1%          1
b - Stone Arrow           Conj/Erth      #####.       1%          3
c - Passwall              Tmut/Erth      ####....     1%          2
d - Lee's Rapid Deconstr  Erth           #####.....   4%          5
e - Ignite Poison         Fire/Tmut/Pois #.......     28%         3

Your spell library contained the following spells:

 Spells                   Type           Power        Failure   Level
 Animate Skeleton         Necr           #.....       17%         1
 Apportation              Tloc           #.....       17%         1
 Corona                   Hex            #......      17%         1
 Summon Small Mammal      Summ           #...         17%         1
 Petrify                  Tmut/Erth      ####....     14%         4
 Fireball                 Conj/Fire      ####......   36%         5
 Starburst                Conj/Fire      ####......   91%         6
 Ignition                 Fire           ###.......   100%        8


Dungeon Overview and Level Annotations

Branches:
Dungeon (8/15)             Temple (0/1) D:7         Ossuary (visited)
   Lair: D:8-11

Altars:
Ashenzari
Nemelex Xobeh
Okawaru
Qazlal
Trog
Wu Jian

Annotations:
D:7 2 transporters, kae's ghost, novice HuTm


Innate Abilities, Weirdness & Mutations

You are resistant to torment.
Your stone body is resilient. (AC +7)
You are immune to poison.
You resist negative energy. (rN+)
You are resistant to electric shocks. (rElec)
You can survive without breathing.
You are immune to petrification.
You are immune to rotting.


Message History

The wyvern barely misses you.
You puncture the wyvern!
The wyvern is heavily wounded.
The wyvern bites you! x2
* * * LOW HITPOINT WARNING * * *
A hell rat scurries out from under your cloak.
You are too injured to fight recklessly!
You are too injured to fight recklessly!
You are too injured to fight recklessly!
You are too injured to fight recklessly!
Casting: Stone Arrow (safe; 1% risk of failure)
Confirm with . or Enter, or press ? or * to list all spells.
Aiming: Sandblast (safe; 1% risk of failure)
Press: ? - help, Shift-Dir - straight line, f - wyvern
Aim: a wyvern (heavily wounded)
The blast of sand hits the wyvern.
The wyvern is severely wounded.
b - 143 stones The wyvern bites you!
You die...

##.........## ##.....
#.....⌠.....# #......
#...........####......
.#.8...8.#...........
# ##.....##...........
#.###...###...........
#.....................
#.....................
#....@...............#
#.....l...............
#.....r.......).......
##.......#....
##.....##... ####.##
.. .# .#


You could see a wyvern and a friendly hell rat.

Vanquished Creatures
  Erica (D:7)
  A hornet (D:7)
  Grinder (D:3)
  Prince Ribbit (D:6)
  A wyvern (D:8)
  2 steam dragons (D:6)
  2 orc warriors
  3 ice beasts
  2 eyes of draining (D:5)
  4 sky beasts
  An ogre (D:6)
  A centaur (D:5)
  Blork the orc (D:4)
  A big kobold (D:7)
  4 bullfrogs
  3 scorpions
  2 water moccasin skeletons
  3 killer bees (D:7)
  5 wights (D:6)
  3 howler monkeys
  5 centaur zombies
  3 orc priests
  A bullfrog skeleton (D:4)
  A bullfrog zombie (Ossuary)
  5 hounds
  6 orc wizards
  An iguana (D:3)
  3 hell rats (D:7)
  4 worker ants
  2 killer bee zombies (Ossuary)
  2 hound zombies (Ossuary)
  A hound skeleton (D:6)
  16 mummies (Ossuary)
  9 worker ant zombies
  10 adders
  3 gnolls
  4 river rats (D:7)
  2 shadow imps
  2 white imps
  An adder skeleton (D:5)
  An adder zombie (Ossuary)
  3 worms
  5 leopard geckos
  27 orcs
  A ball python (D:2)
  6 bats
  4 giant cockroaches
  5 hobgoblins
  3 jackals (D:2)
  14 kobolds
  3 quokkas
  2 frilled lizards
  A giant cockroach zombie (Ossuary)
  8 goblins
  A jackal zombie (D:5)
  3 quokka zombies (Ossuary)
  20 rats
  2 bushes (D:4)
232 creatures vanquished.

Vanquished Creatures (collateral kills)
  A kobold (D:7)
1 creature vanquished.

Vanquished Creatures (others)
  A fungus (D:5)
  5 plants (D:4)
  4 withered plants (Ossuary)
10 creatures vanquished.

Grand Total: 243 creatures vanquished

Notes
Turn   | Place    | Note
-------+----------+-------------------------------------------
     0 | D:1      | raph the Gargoyle Earth Elementalist began the quest for
                  | the Orb.
     0 | D:1      | Reached XP level 1. HP: 10/10 MP: 3/3
   297 | D:1      | Reached skill level 4 in Earth Magic
   488 | D:1      | Reached XP level 2. HP: 15/15 MP: 3/5
  1062 | D:2      | Reached XP level 3. HP: 19/19 MP: 4/6
  1067 | D:2      | Learned a level 3 spell: Stone Arrow
  1070 | D:2      | Learned a level 2 spell: Passwall
  1190 | D:2      | Reached skill level 5 in Earth Magic
  2785 | D:3      | Found a stormy altar of Qazlal.
  2880 | D:3      | Reached XP level 4. HP: 20/24 MP: 5/7
  2990 | D:3      | Reached skill level 6 in Earth Magic
  2991 | D:3      | Noticed Grinder
  2992 | D:3      | Paralysed by Grinder for 3 turns
  3001 | D:3      | Paralysed by Grinder for 4 turns
  3005 | D:3      | Killed Grinder
  3005 | D:3      | Reached skill level 8 in Earth Magic
  3005 | D:3      | Reached XP level 5. HP: 15/28 MP: 1/8
  3005 | D:3      | Reached XP level 6. HP: 18/32 MP: 1/9
  3435 | D:3      | Found an iron altar of Okawaru.
  3507 | D:3      | Reached skill level 1 in Conjurations
  3580 | D:3      | Found a sparkling altar of Nemelex Xobeh.
  4448 | D:4      | Reached XP level 7. HP: 36/36 MP: 7/10
  4876 | D:4      | Noticed Blork the orc
  4961 | D:4      | Killed Blork the orc
  5359 | D:4      | Got a scorched leather armour
  5370 | D:4      | Identified the +1 leather armour "Cauth" {MP+9 Dex+3} (You
                  | found it on level 4 of the Dungeon)
  5481 | D:4      | Reached skill level 9 in Earth Magic
  6213 | D:5      | Entered Level 5 of the Dungeon
  6247 | D:5      | Reached skill level 5 in Conjurations
  6255 | D:5      | Reached skill level 1 in Armour
  6432 | D:5      | Reached skill level 1 in Fighting
  6432 | D:5      | Reached XP level 8. HP: 39/43 MP: 11/11
  6583 | D:5      | Found a sand-covered staircase.
  6587 | Ossuary  | Entered an ossuary
  7003 | Ossuary  | Learned a level 5 spell: Lee's Rapid Deconstruction
  7008 | Ossuary  | Got a scorched amber ring
  7009 | Ossuary  | Identified the ring of Spite {rPois rF+ Str+8 Stlth-} (You
                  | found it in an ossuary)
  7971 | D:5      | Reached skill level 10 in Earth Magic
  7971 | D:5      | Reached XP level 9. HP: 40/51 MP: 12/12
  8073 | D:5      | Found a bloodstained altar of Trog.
  8202 | D:5      | Found a broken altar of Ashenzari.
  8206 | D:5      | Saw a vision of the Swamp and the Snake Pit.
  8206 | D:5      | Noticed a black mamba
  8206 | D:5      | Noticed a naga mage
  8206 | D:5      | Noticed a salamander
  8206 | D:5      | Noticed a black mamba
  8206 | D:5      | Noticed a black mamba
  8206 | D:5      | Noticed a naga sharpshooter
  8206 | D:5      | Noticed a black mamba
  8206 | D:5      | Noticed a black mamba
  8207 | D:5      | Noticed a goliath frog
  8222 | D:5      | Became a worshipper of Ashenzari the Shackled
  9016 | D:6      | Identified a scroll of acquirement
  9016 | D:6      | Acquired a book of Fire
  9428 | D:6      | Noticed Prince Ribbit
  9436 | D:6      | Killed Prince Ribbit
  9594 | D:6      | Reached skill level 11 in Earth Magic
  9614 | D:6      | Reached skill level 5 in Fighting
  9813 | D:6      | Learned a level 3 spell: Ignite Poison
 10095 | D:7      | Found a transporter.
 10095 | D:7      | Noticed kae's ghost (novice HuTm)
 10167 | D:7      | Reached XP level 10. HP: 49/59 MP: 14/14
 10168 | D:7      | Reached skill level 1 in Fire Magic
 10204 | D:7      | Found the +7 Kryia's mail coat {PotionHeal*2 rC+}
 10306 | D:7      | Noticed a moth of wrath
 10311 | D:7      | Found a transporter.
 10345 | D:7      | Found a staircase to the Ecumenical Temple.
 10812 | D:7      | Found an ornate altar of the Wu Jian Council.
 10902 | D:7      | Found the +2 ratskin cloak {*Rats rPois rN+ Str-1 Int-1
                  | Dex+1}
 11198 | D:8      | Identified the amulet of Visch {Acrobat rPois rN+ MR+
                  | Str+2}
 11335 | D:8      | Noticed Erica
 11380 | D:7      | Killed Erica
 11380 | D:7      | Reached skill level 1 in Maces & Flails
 11696 | D:8      | Slain by a wyvern

Illustrated notes

Levels and vault maps discovered:
D:1:      doesnt_arrival_eight_statues, layout_loops_ring
D:2:      layout_basic, minmay_misc_feat_hallway, roderic_lattice_a,
          grunt_ministairs_12
D:3:      layout_loops_ring, nemelex_xobeh_ov_fountains_minmay,
          okawaru_altar_gauntlet_db, nicolae_qazlal_general_emergency,
          minmay_hedge_maze, kennysheep_boxes, uniq_grinder
D:4:      wander_river, layout_basic, serial_forest, infiniplex_forest_zigzag_2,
          infiniplex_forest_corner_1, infiniplex_forest_clump_tiny,
          infiniplex_forest_end_2, infiniplex_forest_clump_cross,
          uniq_blork_the_orc
D:5:      layout_loops_corners, trog_eyes_of_draining,
          nicolae_ossuary_entry_false_entrances, eino_tiny_chamber,
          grunt_ashenzari_visionary [grunt_ashenzari_visionary_swamp,
          grunt_ashenzari_visionary_snake]
D:6:      cheibrodos_steamvent, layout_loops_ring,
          chequers_serial_rivers_large_b, columned_hall_lemuel,
          minmay_small_thing, uniq_prince_ribbit1
D:7:      wander_guarded_unrand_ratskin, layout_rooms, marbit_many_paths,
          minmay_temple_entry_tees, gammafunk_ghost_berserking_beasts
D:8:      layout_rooms, wad_floor_pattern_untrapped, uniq_erica

Skill      XL: |  1  2  3  4  5  6  7  8  9 10 |
---------------+-------------------------------+-----
Earth Magic    | 4 5 8 9 10 11 | 11.5
Conjurations   | 2 5 6 7 8 |  8.3
Armour         | 1 3 4 |  4.3
Fighting       | 1 3 5 |  5.8
Dodging        | 2 3 |  3.4
Spellcasting   | 3 4 |  4.0
Fire Magic     | 3 |  3.6
Maces & Flails | 1 |  1.3
Stealth        | |  2.1
Transmutations | |  0.7

Action                   |  1- 3 |  4- 6 |  7- 9 | 10-12 || total
-------------------------+-------+-------+-------+-------++-------
Melee: Hand axe          |    38 |       |   121 |       ||   159
       Unarmed           |    12 |       |       |       ||    12
       Mace              |    26 |    36 |   339 |       ||   401
       Dagger            |       |       |    90 |       ||    90
       Scimitar          |       |       |    43 |       ||    43
       Morningstar       |       |       |    22 |    99 ||   121
 Cast: Sandblast         |    28 |    31 |    85 |    22 ||   166
       Passwall          |     4 |       |       |       ||     4
       Stone Arrow       |     1 |     3 |    33 |     7 ||    44
       Lee's Rapid Decon |       |       |    11 |     7 ||    18
Invok: Curse Item        |       |       |     1 |       ||     1
  Use: Scroll            |       |    10 |    10 |     6 ||    26
       Potion            |       |       |     1 |       ||     1
 Stab: Sleeping          |     1 |     1 |     2 |       ||     4
Armor: Robe              |    45 |    36 |     8 |       ||    89
       Leather armour    |       |       |   150 |    88 ||   238
Dodge: Dodged            |    76 |    47 |   239 |   145 ||   507
       Rpst.: Scimitar   |       |       |     7 |       ||     7

Table legend: (Time is in decaauts)
 A = Elapsed time spent in this place.
 B = Non-inter-level travel time spent in this place.
 C = Inter-level travel time spent in this place.
 D = Time resting spent in this place.
 E = Time spent auto-exploring this place.
 F = Levels seen in this place.
 G = Mean time per level.
                   A        B        C        D        E       F      G
               +--------+--------+--------+--------+--------+-----+--------+
         Total |  12022 |  11787 |    235 |   4682 |   4448 |   9 | 1335.8 |
       Dungeon |  11089 |  10854 |    235 |   4186 |   4365 |   8 | 1386.1 |
       Ossuary |    933 |    933 |      0 |    496 |     83 |   1 |  933.0 |
               +--------+--------+--------+--------+--------+-----+--------+

Top non-repeatable levels by time:
     D:4: 1969 daAuts
     D:2: 1864 daAuts
     D:3: 1623 daAuts
     D:6: 1583 daAuts
     D:5: 1453 daAuts
     D:7: 1410 daAuts
     D:1: 935 daAuts
 Ossuary: 933 daAuts
     D:8: 249 daAuts
